 Dungeon Crawl Stone Soup version 0.26-a0-1026-g544776af23 (webtiles) character file.

Game seed: 5279733188241378369

254206 lunkers the Spry (level 20, -2/151 HPs)
             Began as a Halfling Hunter on Dec 10, 2020.
             Was an Initiate of Gozag.
             Killed from afar by a deep elf knight (5 damage)
             ... with a shard of ice
             ... on level 1 of the Vaults.
             The game lasted 01:35:28 (38007 turns).

lunkers the Spry (Halfling Hunter)                 Turns: 38007, Time: 01:35:28

Health: -2/151     AC: 33    Str: 22    XL:     20   Next: 54%
Magic:  20/20      EV: 31    Int: 18    God:    Gozag
Gold:   8857       SH: 10    Dex: 24    Spells: 19/19 levels left

rFire    . . .     SeeInvis .   b - +8 autumn katana {vorpal, Clar}
rCold    . . .     Faith    .   G - +2 buckler {AC+3}
rNeg     + . .     Spirit   .   Y - +9 scale mail "Onwey" {rCorr}
rPois    +         Reflect  .   N - +1 helmet
rElec    .         Harm     .   k - +0 cloak {rPois}
rCorr    +         Rampage  .   Z - +0 pair of gloves "Busharung" {Int+2} (curse)
Will     ++...     Clarity  +   x - +2 pair of boots of the Guild-Master {rF- rN+ Int+7 Slay+3}
Stlth    +.........             w - amulet of regeneration
HPRegen  0.75/turn              E - ring of willpower
MPRegen  0.17/turn              z - ring of Finality {rPois rF+ Str+3 Dex+6}

@: lethally poisoned (-2 -> -2), about to teleport, gold aura, studying Long
Blades
A: small, mutation resistance 1
}: 2/15 runes: decaying, gossamer
a: Potion Petition, Call Merchant, Bribe Branch, Renounce Religion


You were on level 1 of the Vaults.
You worshipped Gozag.
Gozag was greatly pleased with you.
You visited 6 branches of the dungeon, and saw 31 of its levels.
You also visited: Bailey and Gauntlet.

You collected 14528 gold pieces.
You spent 4224 gold pieces at shops.
You paid 1447 gold pieces to Gozag.

Inventory:

Hand Weapons
 a - the +10 hunting sling of Fatigue {venom, +Fly SInv}
   (You found it on level 4 of the Dungeon)

   It poisons the ammo it fires.
   It lets you see invisible.
   It lets you fly.
 b - the +8 autumn katana (weapon) {vorpal, Clar}
   (You found it on level 13 of the Dungeon)

   It inflicts extra damage upon your enemies.
   It protects you against confusion.
Missiles
 d - 113 sling bullets
 f - 143 stones (quivered ammo)
Armour
 c - a +0 pair of boots
 k - a +0 cloak of poison resistance (worn)
 x - the +2 pair of boots of the Guild-Master (worn) {rF- rN+ Int+7 Slay+3}
   (You found it in a Gauntlet)

   It affects your intelligence (+7).
   It affects your accuracy and damage with ranged weapons and melee attacks
   (+3).
   It makes you vulnerable to fire.
   It protects you from negative energy.
 y - +0 fire dragon scales
 G - a +2 buckler of protection (worn)
 N - a +1 helmet (worn)
 Y - the +9 scale mail "Onwey" (worn) {rCorr}
   (You found it on level 13 of the Dungeon)

   It provides partial protection from all sources of acid and corrosion.
 Z - the cursed +0 pair of gloves "Busharung" (worn) {Int+2}
   (You found it on level 1 of the Swamp)

   It affects your intelligence (+2).
   It has a curse placed upon it.
Jewellery
 w - an amulet of regeneration (around neck)
 z - the ring of Finality (right hand) {rPois rF+ Str+3 Dex+6}
   (You found it in a bailey)

   [ring of dexterity]

   It affects your strength (+3).
   It affects your dexterity (+6).
   It protects you from fire.
   It protects you from poison.
 E - a ring of willpower (left hand)
 V - a +4 ring of evasion
Wands
 e - a wand of digging (9)
 m - a wand of acid (18)
 u - a wand of polymorph (37)
 D - a wand of flame (79)
 H - a wand of disintegration (23)
 M - a wand of paralysis (29)
 Q - a wand of random effects (51)
Scrolls
 g - 24 scrolls of remove curse
 j - 12 scrolls of teleportation
 l - 6 scrolls of enchant weapon
 n - 4 scrolls of fear
 q - 6 scrolls of fog
 s - 4 scrolls of magic mapping
 A - 7 scrolls of enchant armour
 F - 8 scrolls of blinking
 J - a scroll of holy word
 P - 4 scrolls of silence
 T - 3 scrolls of brand weapon
 W - 12 scrolls of identify
Potions
 h - 2 potions of mutation
 i - 5 potions of attraction
 o - 12 potions of curing
 p - a potion of heal wounds
 t - 2 potions of berserk rage
 B - 4 potions of flight
 I - 4 potions of resistance
 K - 5 potions of haste
 L - a potion of invisibility
 R - a potion of magic
 S - 3 potions of might
 U - 3 potions of brilliance
 X - 4 potions of ambrosia
Books
 C - a manual of Long Blades
Miscellaneous
 r - a tin of tremorstones (1/2)
 v - a condenser vane
 O - a lightning rod (4/4)


   Skills:
 + Level 17.1 Fighting
 - Level 12.0 Long Blades
 - Level 12.0 Slings
 + Level 19.1 Armour
 + Level 19.2 Dodging
 - Level 1.1 Stealth
 - Level 5.6 Shields
 - Level 6.0 Evocations


You had 19 spell levels left.
You didn't know any spells.
Your spell library contained the following spells:

 Spells                   Type           Power        Failure   Level
 Animate Skeleton         Necr           #.....       36%         1
 Apportation              Tloc           #.....       36%         1
 Beastly Appendage        Tmut           #.....       36%         1
 Corona                   Hex            #......      36%         1
 Foxfire                  Conj/Fire      #...         36%         1
 Magic Dart               Conj           #...         36%         1
 Sandblast                Erth           #.....       36%         1
 Shock                    Conj/Air       #...         36%         1
 Summon Small Mammal      Summ           #...         36%         1
 Blink                    Tloc           N/A          52%         2
 Call Imp                 Summ           #.......     52%         2
 Passwall                 Tmut/Erth      #.......     52%         2
 Slow                     Hex            #.......     52%         2
 Swiftness                Air            #.......     52%         2
 Wereblood                Tmut           #.......     52%         2
 Confusing Touch          Hex            #.......     75%         3
 Conjure Flame            Conj/Fire      #.......     75%         3
 Gell's Gravitas          Tloc           #.........   75%         3
 Inner Flame              Hex/Fire       #.......     75%         3
 Mephitic Cloud           Conj/Pois/Air  #.......     75%         3
 Spider Form              Tmut/Pois      #.........   75%         3
 Static Discharge         Conj/Air       #.......     75%         3
 Stone Arrow              Conj/Erth      #.....       75%         3
 Airstrike                Air            #.........   98%         4
 Ice Form                 Ice/Tmut       #.......     98%         4
 Leda's Liquefaction      Hex/Erth       #.........   98%         4
 Petrify                  Tmut/Erth      #.......     98%         4
 Sticky Flame             Conj/Fire      #.......     98%         4
 Blade Hands              Tmut           #.........   100%        5
 Bolt of Magma            Conj/Fire/Erth #.........   100%        5
 Fireball                 Conj/Fire      #.........   100%        5
 Irradiate                Conj/Tmut      #.........   100%        5
 Lee's Rapid Deconstruct  Erth           #.........   100%        5
 Lightning Bolt           Conj/Air       #.........   100%        5
 Metabolic Englaciation   Hex/Ice        #.........   100%        5
 Yara's Violent Unravell  Hex/Tmut       #.........   100%        5
 Freezing Cloud           Conj/Ice/Air   #.........   100%        6
 Hydra Form               Tmut           #.........   100%        6
 Iron Shot                Conj/Erth      #.........   100%        6
 Ozocubu's Refrigeration  Ice            #.........   100%        6
 Simulacrum               Ice/Necr       #.........   100%        6
 Statue Form              Tmut/Erth      #........    100%        6
 Dragon Form              Tmut           #.........   100%        7
 Shatter                  Erth           #.........   100%        9


Dungeon Overview and Level Annotations

Branches:
Dungeon (14/15)            Temple (0/1) D:4            Lair (6/6) D:11
  Swamp (4/4) Lair:3       Spider (4/4) Lair:4        Slime (0/5) Lair:5
    Orc (2/2) D:11            Elf (0/3) Orc:2        Vaults (1/5) D:14
 Bailey (visited)         Gauntlet (visited)

Altars:
Ashenzari
Dithmenos
Elyvilon
Gozag
Hepliaklqana
Kikubaaqudgha
Makhleb
Nemelex Xobeh
Okawaru
Qazlal
Vehumet
Wu Jian
Yredelemnul
Zin
The Shining One
Beogh

Shops:
D:6 (   D:7 =   D:11 *(   Orc:2 [[:(*

Annotations:
D:11 1 runed translucent door, ZeroWinrate's ghost, novice GnWn
Lair:1 1 runed translucent door, sokol815's ghost, journeyman GrFi
Lair:2 1 runed translucent door, Zapai's ghost, journeyman DgAr


Innate Abilities, Weirdness & Mutations

You are small and have problems with some larger weapons.
You are somewhat resistant to further mutation.


Message History

You slash the deep elf mage!
You kill the deep elf mage!
The fire elemental disappears in a puff of smoke! x2
The vault warden is no longer distracted by gold.
You block something's attack.
Unknown command.
You slash the deep elf archer!
The deep elf archer is moderately wounded.
The deep elf archer blinks!
You hear some strange, mumbled words.
A shard of ice appears from out of thin air!
The shard of ice hits you!!!
* * * LOW HITPOINT WARNING * * *
As you read the scroll of teleportation, it crumbles to dust.
You feel strangely unstable.
You feel sick.
You hear some strange, mumbled words.
A shard of ice appears from out of thin air!
The shard of ice hits you.
You die...
Your body crumbles into a pile of gold.

#.......##().##))
#.......##.))#### #.......##.).#
######+####...# ## ####......#
#...# $ ... #.p#..§...# #...#
e...#uc#......# #...#
....#pp#$.....# #...#
....§.$#@.....# #...#
....#pp{§$..e.# #...####
....#.W######## #...#... $ . #§.
#...'(.. ### #...#... #...#...
#############...#(..
#...........#...#..(
##############...........#...#.((


You could see a vault warden, a vault guard, a deep elf archer (repels missiles)
and a freezing wraith (summoned).

Vanquished Creatures
  Mara (Spider:3)
  Arachne (Spider:3)
  3 thorn hunters
  6 ghost moths
  A deep elf sorcerer (Vaults:1)
  A vault warden (Vaults:1)
  2 orc warlords (Orc:2)
  6 emperor scorpions
  5 ironheart preservers
  6 entropy weavers
  A minotaur (Gauntlet)
  A spark wasp (Spider:4)
  2 bunyips
  Snorg (D:12)
  Josephine (D:11)
  3 eleionomae
  2 yaktaur captains (Vaults:1)
  3 vault guards (Vaults:1)
  2 ice dragons
  2 ghost crabs
  2 boulder beetles
  28 hydras
  5 two-headed ogres
  2 centaur warriors
  2 death knights
  Erica (Lair:1)
  An ogre mage (Vaults:1)
  9 death yaks
  A tengu warrior (D:13)
  2 queen ants
  14 alligators
  A soul eater (Gauntlet)
  Urug (Lair:6)
  2 orc high priests
  5 goliath frogs
  An unseen horror (shapeshifter) (D:13)
  12 swamp dragons
  3 unseen horrors
  3 spriggan druids (Swamp:4)
  3 lindwurms (Lair:6)
  A flayed ghost (Vaults:1)
  2 phantasmal warriors (Vaults:1)
  9 orc knights
  2 bog bodies
  3 deep elf magi
  24 orb spiders
  2 ironbrand convokers (Vaults:1)
  7 oklob plants
  4 orc sorcerers
  7 ugly things
  39 wolf spiders
  A manticore (D:12)
  10 elephants (Lair:6)
  4 moths of wrath
  2 cyclopes
  3 will-o-the-wisps
  A vault sentinel (Vaults:1)
  3 black mambas
  2 centaur zombies
  13 cane toads
  A rime drake (Lair:4)
  7 torpor snails
  An efreet (D:13)
  Maggie (D:7)
  4 kobold demonologists (D:11)
  5 demonic crawlers
  6 yaktaurs (Vaults:1)
  2 freezing wraiths (D:11)
  13 komodo dragons
  A tengu conjurer (D:13)
  2 ice devils (Lair:4)
  7 trolls
  12 polar bears
  A jumping spider (shapeshifter) (D:13)
  30 hornets
  9 tyrant leeches
  32 jumping spiders
  13 blink frogs
  4 bloated husks
  21 slime creatures
  8 dream sheep
  A blink frog (shapeshifter) (D:12)
  5 raiju (Lair:6)
  A vampire (D:14)
  60 redbacks
  12 spriggans
  2 wyverns
  54 yaks
  25 tarantellas
  8 wraiths
  Grum (D:9)
  A fire bat (D:4)
  2 steam dragons (D:11)
  8 basilisks
  8 vampire mosquitoes
  15 wargs
  2 acid dragons
  11 swamp worms
  10 soldier ants
  31 water moccasins
  12 hell hounds (Lair:6)
  6 ice beasts
  6 sky beasts
  7 swamp drakes
  46 orc warriors
  3 phantoms
  17 ogres
  13 black bears
  An eye of draining (D:14)
  2 necrophages
  27 wolves
  14 centaurs
  An elf zombie (D:8)
  2 big kobolds
  15 bullfrogs
  A wyvern zombie (D:13)
  2 scorpions
  12 killer bees
  16 wights
  4 electric eels
  A howler monkey (D:7)
  A quasit (D:8)
  4 human zombies (D:8)
  24 orc priests
  Crazy Yiuf (D:4)
  4 bullfrog skeletons
  6 hounds
  3 jellies
  A gnoll shaman (D:10)
  6 centaur skeletons
  A human skeleton (D:8)
  3 iguanas
  Natasha (thrice) (D:3)
  29 orc wizards
  18 worker ants
  2 mummies (D:8)
  A howler monkey skeleton (D:5)
  A worker ant zombie (D:10)
  Robin (D:2)
  11 gnolls
  28 adders
  7 shadow imps
  4 white imps
  An adder skeleton (D:4)
  3 dart slugs
  3 worms
  3 leopard geckos
  92 orcs
  6 giant cockroaches
  18 goblins
  8 hobgoblins
  15 jackals
  12 kobolds
  4 quokkas
  4 ball pythons
  7 bats
  3 frilled lizards
  A leopard gecko skeleton (D:8)
  A leopard gecko zombie (D:6)
  An orc zombie (D:8)
  A quokka zombie (D:8)
  8 rats
1282 creatures vanquished.

Vanquished Creatures (others)
  A bunyip (Swamp:1)
  A jumping spider (Spider:4)
  3 bloated husks
  A swamp worm (Swamp:4)
  A bush (Lair:6)
  8 foxfires
  27 fungi
  87 plants
129 creatures vanquished.

Grand Total: 1411 creatures vanquished

Notes
Turn   | Place    | Note
-------+----------+-------------------------------------------
     0 | D:1      | lunkers the Halfling Hunter began the quest for the Orb.
     0 | D:1      | Reached XP level 1. HP: 14/14 MP: 1/1
    81 | D:1      | Reached XP level 2. HP: 19/19 MP: 2/2
   315 | D:1      | Reached XP level 3. HP: 24/24 MP: 3/3
  1188 | D:2      | Reached XP level 4. HP: 27/30 MP: 4/4
  1348 | D:2      | Noticed Robin
  1396 | D:2      | Killed Robin
  1662 | D:2      | Found an opulent altar of Gozag.
  1670 | D:2      | Became a worshipper of Gozag Ym Sagoz the Greedy
  2164 | D:3      | Found a stormy altar of Qazlal.
  2205 | D:3      | Reached XP level 5. HP: 36/36 MP: 5/5
  2308 | D:3      | Noticed Natasha
  2310 | D:3      | Killed Natasha
  2362 | D:3      | Noticed Natasha
  2375 | D:3      | Killed Natasha
  2376 | D:3      | Reached XP level 6. HP: 31/42 MP: 6/6
  2584 | D:3      | Found a faded altar of an unknown god.
  2720 | D:3      | Noticed Natasha
  2742 | D:3      | Killed Natasha
  2814 | D:3      | Found an iron altar of Okawaru.
  2816 | D:3      | Found a white marble altar of Elyvilon.
  2816 | D:3      | Found an ornate altar of the Wu Jian Council.
  3076 | D:3      | Found a glowing silver altar of Zin.
  3374 | D:4      | Got a bone hunting sling
  3375 | D:4      | Identified the +8 hunting sling of the Disturbing Queens
                  | {vorpal, *Slow +Fly rC++ Int+3} (You found it on level 4 of
                  | the Dungeon)
  3466 | D:4      | Reached XP level 7. HP: 47/47 MP: 7/7
  3517 | D:4      | Reached skill level 10 in Slings
  3588 | D:4      | Noticed Edmund
  3591 | D:4      | Noticed Edmund
  3591 | D:4      | Edmund changed into Edmund the tengu
  3593 | D:4      | Noticed Edmund
  3593 | D:4      | Edmund the tengu changed into Edmund the fire bat
  3596 | D:4      | Killed Edmund the fire bat
  3609 | D:4      | Found a staircase to the Ecumenical Temple.
  3700 | D:4      | Got a shimmering hunting sling
  3701 | D:4      | Identified the +10 hunting sling of Fatigue {venom, +Fly
                  | SInv} (You found it on level 4 of the Dungeon)
  3768 | D:4      | Found a radiant altar of Vehumet.
  3995 | D:4      | Reached XP level 8. HP: 54/54 MP: 8/8
  4022 | D:4      | Found a runed translucent door.
  4023 | D:4      | Noticed Crazy Yiuf
  4102 | D:4      | Killed Crazy Yiuf
  4173 | D:5      | Entered Level 5 of the Dungeon
  4349 | D:5      | Reached skill level 5 in Fighting
  4648 | D:6      | Found Tivog's Antique Weapon Shoppe.
  4759 | D:6      | Found a hazy altar of Hepliaklqana.
  4759 | D:6      | Found a shadowy altar of Dithmenos.
  4763 | D:6      | Found a glowing golden altar of the Shining One.
  4856 | D:6      | Reached skill level 1 in Armour
  5054 | D:6      | Found a sparkling altar of Nemelex Xobeh.
  5059 | D:6      | You fall into a shaft and drop 1 floor!
  5251 | D:7      | Found Buricurph's Jewellery Shoppe.
  5358 | D:7      | Reached XP level 9. HP: 62/62 MP: 9/9
  5592 | D:7      | Noticed Maggie
  5599 | D:7      | Killed Maggie
  5600 | D:7      | Reached skill level 5 in Dodging
  6245 | D:8      | Noticed a hornet
  6264 | D:8      | Reached skill level 5 in Armour
  6442 | D:7      | Killed a hornet
  6605 | D:8      | Reached XP level 10. HP: 71/71 MP: 10/10
  6696 | D:8      | Noticed a queen ant
  6708 | D:8      | Killed a queen ant
  7201 | D:8      | Found an ancient bone altar of Kikubaaqudgha.
  7257 | D:8      | Reached XP level 11. HP: 76/78 MP: 11/11
  8041 | D:9      | Noticed Grum
  8493 | D:9      | Killed Grum
  8665 | D:9      | Found a basalt altar of Yredelemnul.
  9126 | D:10     | Entered Level 10 of the Dungeon
  9412 | D:10     | Noticed a two-headed ogre
  9420 | D:10     | Killed a two-headed ogre
  9624 | D:10     | Noticed a two-headed ogre
  9630 | D:10     | Killed a two-headed ogre
  9906 | D:11     | Noticed a death knight
  9909 | D:11     | Noticed an unseen horror
  9929 | D:11     | Killed an unseen horror
  9941 | D:11     | Reached skill level 10 in Dodging
  9959 | D:11     | Killed a death knight
  9960 | D:11     | Reached skill level 10 in Armour
  9960 | D:11     | Reached XP level 12. HP: 27/87 MP: 12/12
 10005 | D:11     | Reached skill level 10 in Fighting
 10073 | D:11     | Found a gate leading to a gauntlet.
 10094 | D:11     | Noticed Josephine
 10103 | Gauntlet | Entered a Gauntlet
 10103 | Gauntlet | Found a transporter.
 10173 | Gauntlet | Noticed a soul eater
 10235 | Gauntlet | Found a transporter.
 10240 | Gauntlet | Found a transporter.
 10244 | Gauntlet | Noticed a blizzard demon
 10245 | Gauntlet | Found a transporter.
 10260 | Gauntlet | Found a transporter.
 10262 | Gauntlet | Noticed a blizzard demon
 10280 | Gauntlet | Found a transporter.
 10292 | Gauntlet | Found a transporter.
 10296 | Gauntlet | Noticed an entropy weaver
 10304 | Gauntlet | Found a transporter.
 10304 | Gauntlet | Noticed a death yak
 10304 | Gauntlet | Noticed a death yak
 10311 | Gauntlet | Noticed a death yak
 10312 | Gauntlet | Noticed a death yak
 10316 | Gauntlet | Found a transporter.
 10328 | Gauntlet | Found a transporter.
 10331 | Gauntlet | Noticed a green death
 10346 | Gauntlet | Found a transporter.
 10364 | Gauntlet | Found a transporter.
 10366 | Gauntlet | Found a transporter.
 10396 | Gauntlet | Found a transporter.
 10398 | Gauntlet | Found a transporter.
 10400 | Gauntlet | Found a transporter.
 10420 | Gauntlet | Noticed a queen ant
 10429 | Gauntlet | Found a transporter.
 10431 | Gauntlet | Found a transporter.
 10504 | Gauntlet | Killed a soul eater
 10832 | Gauntlet | Killed a queen ant
 11012 | Gauntlet | Got a pair of steaming boots
 11095 | Gauntlet | Identified the +2 pair of boots of the Guild-Master {rF-
                  | rN+ Int+7 Slay+3} (You found it in a Gauntlet)
 11106 | Gauntlet | Noticed a minotaur
 11123 | Gauntlet | Killed a minotaur
 11525 | D:11     | Found a staircase to the Lair.
 11792 | D:11     | Killed Josephine
 12071 | D:11     | Found a runed translucent door.
 12093 | D:11     | Identified the +10 trident of the Butterfly {vorpal, rElec
                  | rF++ Will+ Dex-2}
 12094 | D:11     | Found a glowing silver altar of Zin.
 12094 | D:11     | Noticed ZeroWinrate's ghost (novice GnWn)
 12320 | D:11     | Found a staircase to the Orcish Mines.
 12417 | D:11     | Reached XP level 13. HP: 95/95 MP: 13/13
 12674 | Orc:1    | Entered Level 1 of the Orcish Mines
 13246 | Orc:2    | Entered Level 2 of the Orcish Mines
 13328 | Orc:2    | Found Zaxoas's Armour Shop.
 13346 | Orc:2    | Bought a +2 buckler of protection for 279 gold pieces
 13547 | Orc:2    | Reached skill level 1 in Shields
 14201 | Orc:2    | Noticed an orc warlord
 14517 | Orc:2    | Noticed an orc warlord
 14540 | Orc:2    | Killed an orc warlord
 14598 | Orc:2    | Reached skill level 5 in Shields
 14708 | Orc:2    | Found a roughly hewn altar of Beogh.
 14850 | Orc:2    | Found Weoxop's General Store.
 14860 | Orc:2    | Found Qysch's Antique Weapon Boutique.
 14900 | Orc:2    | Reached XP level 14. HP: 92/102 MP: 14/14
 14937 | Orc:2    | Found a staircase to the Elven Halls.
 15016 | Orc:2    | Found Dideiqa's Antique Armour Boutique.
 15019 | Orc:2    | Found Paugatuo's Book Boutique.
 15337 | Orc:2    | Killed an orc warlord
 15925 | Lair:1   | Entered Level 1 of the Lair of Beasts
 16212 | Lair:1   | Found a runed translucent door.
 16253 | Lair:1   | Noticed Erica
 16263 | Lair:1   | Killed Erica
 16761 | Lair:1   | Noticed sokol815's ghost (journeyman GrFi)
 16919 | Lair:2   | Found a runed translucent door.
 16921 | Lair:2   | Identified the +7 trident "Nujesyill" {flame, *Rage +Blink
                  | rElec}
 16921 | Lair:2   | Noticed Zapai's ghost (journeyman DgAr)
 17094 | Lair:2   | Found a broken altar of Ashenzari.
 18381 | Lair:3   | Found a staircase to the Swamp.
 18678 | D:11     | Bought the +9 sword of Zonguldrok {reap} for 2400 gold
                  | pieces
 18678 | D:11     | Found the +9 sword of Zonguldrok {reap}
 18807 | Orc:2    | Bought a manual of Long Blades for 1545 gold pieces
 19045 | Lair:4   | Reached XP level 15. HP: 106/109 MP: 15/15
 19082 | Lair:4   | Reached skill level 1 in Evocations
 19166 | Lair:4   | Found a hole to the Spider Nest.
 19844 | Lair:4   | Found a frozen archway.
 20888 | Lair:5   | Found a staircase to the Slime Pits.
 21288 | Lair:6   | Entered Level 6 of the Lair of Beasts
 21795 | Lair:6   | Reached skill level 15 in Dodging
 21875 | Lair:6   | Reached skill level 5 in Evocations
 21964 | Lair:6   | Reached XP level 16. HP: 118/118 MP: 16/16
 22158 | Lair:6   | Reached skill level 15 in Armour
 22400 | Lair:6   | Found a runed translucent door.
 22633 | Lair:6   | Paralysed by a hornet for 3 turns
 23190 | Lair:6   | Noticed Urug
 23197 | Lair:6   | Killed Urug
 24020 | D:12     | Found a flagged portal.
 24039 | Bailey   | Entered a bailey
 24364 | Bailey   | Got a bound iron ring
 24424 | Bailey   | Identified the ring of Finality {rPois rF+ Str+3 Dex+6}
                  | (You found it in a bailey)
 24570 | D:12     | Found a burning altar of Makhleb.
 24586 | D:12     | Noticed Snorg
 24596 | D:12     | Killed Snorg
 25147 | D:13     | Got a faintly glowing scale mail
 25177 | D:13     | Identified the +9 scale mail "Onwey" {rCorr} (You found it
                  | on level 13 of the Dungeon)
 25599 | D:13     | Found the +8 autumn katana {vorpal, Clar}
 25771 | D:14     | Reached skill level 1 in Long Blades
 25958 | D:14     | Found a white marble altar of Elyvilon.
 26401 | D:14     | Found a gate to the Vaults.
 26457 | D:14     | Reached XP level 17. HP: 126/126 MP: 17/17
 26994 | Swamp:1  | Entered Level 1 of the Swamp
 27011 | Swamp:1  | Reached skill level 5 in Long Blades
 27549 | Swamp:1  | Identified the +4 long sword "Xeng" {pain, Fragile +Fly rF+
                  | Str+3}
 27971 | Swamp:1  | Got a pair of spiked gloves
 27982 | Swamp:1  | Identified the cursed +0 pair of gloves "Busharung" {Int+2}
                  | (You found it on level 1 of the Swamp)
 28024 | Swamp:2  | Identified the cursed ring of Fibohiwn {rC- Str+4 Dex-4}
                  | (You found it on level 2 of the Swamp)
 29203 | Swamp:3  | Noticed a thorn hunter
 29215 | Swamp:3  | Killed a thorn hunter
 29509 | Swamp:4  | Entered Level 4 of the Swamp
 29562 | Swamp:3  | Reached skill level 10 in Long Blades
 29625 | Swamp:4  | Noticed a thorn hunter
 29633 | Swamp:4  | Reached skill level 15 in Fighting
 29648 | Swamp:4  | Killed a thorn hunter
 29838 | Swamp:4  | Reached XP level 18. HP: 132/134 MP: 18/18
 30469 | Swamp:4  | Got a decaying rune of Zot
 30877 | Spider:1 | Entered Level 1 of the Spider Nest
 33875 | Spider:3 | Reached XP level 19. HP: 141/141 MP: 19/19
 33991 | Spider:3 | Noticed Mara
 34028 | Spider:3 | Noticed lunkers's illusion
 34047 | Spider:3 | Killed Mara
 34563 | Spider:3 | Found a roughly hewn altar of Beogh.
 34608 | Spider:4 | Entered Level 4 of the Spider Nest
 34608 | Spider:4 | Noticed Arachne
 34654 | Spider:3 | Killed Arachne
 36350 | Spider:4 | Reached XP level 20. HP: 82/149 MP: 2/20
 36556 | Spider:4 | Got a gossamer rune of Zot
 36866 | Vaults:1 | Entered Level 1 of the Vaults
 38006 | Vaults:1 | HP: 3/151 [something/shard of ice (36)]
 38007 | Vaults:1 | Killed from afar by a deep elf knight

Illustrated notes

Levels and vault maps discovered:
D:1:      scummos_arrival_simple_crosswalls, layout_basic
D:2:      layout_loops_corners, nicolae_overflow_crystal_walls, uniq_robin
D:3:      layout_basic, grunt_temple_overflow_diamond, lemuel_crystal_altar,
          chequers_ecumenical_altar_simple_redux, grunt_qazlal_clouds,
          uniq_natasha
D:4:      layout_rooms, kennysheep_mini_moat,
          minmay_temple_entry_gardened_gates, grunt_tough_drop,
          uniq_crazy_yiuf_cottage, uniq_edmund
D:5:      layout_basic
D:6:      layout_loops_ring, gammafunk_temple_overflow_forgotten,
          nemelex_xobeh_ov_fountains_minmay, serial_shops, shop,
          serial_bayou_pond_e
D:7:      layout_basic, serial_shops, shop, uniq_maggie
D:8:      layout_loops_ring, lemuel_mausoleum_altar_kikubaaqudgha,
          minmay_another_anthill
D:9:      layout_gridville, yredelemnul_altar_generic, uniq_grum
D:10:     layout_roguey
D:11:     layout_basic, erik_lair_dragon, david_orc_1_choice,
          gauntlet_entry_generic, ebering_ghost_funeral_grove, basic_altar,
          nrook_pool_corridor, uniq_josephine
D:12:     layout_cave_pools, enter_bailey_3, basic_altar, bh_walls_and_bars,
          uniq_snorg
D:13:     layout_irregular_city
D:14:     layout_irregular_city, skrybe_vaults_entry_preservation,
          chequers_serial_rivers_small_b, elyvilon_altar_5
Lair:1:   layout_regular_city, ebering_ghost_inner_flame, uniq_erica
Lair:2:   lemuel_reptile_caves, layout_gridlike, ebering_ghost_funeral_grove,
          lemuel_oklob_altar, grunt_megastairs_4
Lair:3:   layout_hall_layers, minmay_swamp_entry_reptiles, serial_bayou_shore_b,
          serial_bayou_shore_a, lemuel_fruit_fields
Lair:4:   layout_gridlike, dummy_spider_entry, portal_ice_cave_demonic_guard,
          beast_lair_carwin_1, grunt_megastairs_1, infiniplex_staircase_pool,
          minmay_lair_oklob_chamber
Lair:5:   layout_misc_corridors, minmay_slime_entry_oklob_enclosed
Lair:6:   hangedman_lair_caniforms_friends, layout_hall_layers, wormcave,
          chequers_serial_rivers_marsh, chequers_serial_rivers_small_a,
          uniq_urug
Swamp:1:  layout_basic_swamp, nicolae_swamp_very_dense_foliage
Swamp:2:  layout_falls_marsh, nicolae_swamp_feature_on_the_river_bank,
          swamp_pool2
Swamp:3:  layout_falls_marsh, infiniplex_staircase_pool_2
Swamp:4:  swamp, layout_basic_swamp, swamp_pool1
Spider:1: layout_spider_delve
Spider:2: layout_chambers, drop_trap, spiders_nest_spider_trap
Spider:3: nicolae_spider_mines_2, uniq_mara
Spider:4: spider_rune_water, uniq_arachne
Orc:1:    layout_caves
Orc:2:    grunt_orc_cross, layout_diamond_mine, serial_shops, shop
Vaults:1: ontoclasm_vaults_misaligned, nicolae_vaults_yaktaur_gun_rack,
          vaults_dpeg_diagonal, ontoclasm_vaults_loading_screen,
          nicolae_vaults_sealed_display, grunt_vaults_hallway_long,
          vaults_room_guarded_vault, vaults_dpeg_doors, v_pattern_2, v_misc_13,
          vaults_room_grunt_arrival_ludios, layout_vaults_big_cross

Skill      XL: |  1  2  3  4  5  6  7  8  9 10 11 12 13 14 15 16 17 18 19 20 |
---------------+-------------------------------------------------------------+-----
Slings         | 6 7 8 9 11 12 | 12.0
Fighting       | 2 3 4 5 7 8 9 11 12 13 14 15 16 17 | 17.1
Armour         | 2 5 7 10 11 12 14 15 16 17 18 19 | 19.1
Dodging        | 3 6 8 10 11 12 14 15 16 17 18 19 | 19.2
Shields        | 5 |  5.6
Evocations     | 5 6 |  6.0
Long Blades    | 4 10 12 | 12.0
Stealth        | |  1.1

Action                   |  1- 3 |  4- 6 |  7- 9 | 10-12 | 13-15 | 16-18 | 19-21 || total
-------------------------+-------+-------+-------+-------+-------+-------+-------++-------
Melee: Short sword       |     6 |       |       |       |       |       |       ||     6
       Dagger            |       |    13 |       |       |       |       |       ||    13
       Unarmed           |       |    15 |       |       |       |       |       ||    15
       Katana            |       |       |       |       |       |       |   205 ||   205
 Fire: Hunting sling     |   100 |   222 |   222 |   731 |  1571 |  2050 |   743 ||  5639
Throw: Stone             |       |       |       |       |       |       |    10 ||    10
Invok: Call Merchant     |       |       |       |       |     2 |       |       ||     2
Evoke: Wand              |       |       |     3 |     1 |     2 |       |     1 ||     7
       Tin of tremorston |       |       |       |       |       |       |     3 ||     3
       Condenser vane    |       |       |       |       |       |       |     2 ||     2
  Use: Scroll            |       |       |     2 |    24 |     9 |     5 |     2 ||    42
       Potion            |       |       |       |     1 |       |     1 |       ||     2
 Stab: Distracted        |       |       |       |       |       |       |     4 ||     4
Armor: Leather armour    |     6 |     4 |       |       |       |       |       ||    10
       Chain mail        |       |    14 |    16 |    76 |   166 |    59 |       ||   331
       Skin              |       |     1 |       |       |       |       |       ||     1
       Scale mail        |       |       |       |       |       |   152 |   120 ||   272
Dodge: Dodged            |    42 |    41 |     9 |   138 |   384 |   757 |   429 ||  1800
Block: Buckler           |       |       |       |       |   216 |   333 |   211 ||   760
       Rpst.: Katana     |       |       |       |       |       |       |    17 ||    17

Table legend: (Time is in decaauts)
 A = Elapsed time spent in this place.
 B = Non-inter-level travel time spent in this place.
 C = Inter-level travel time spent in this place.
 D = Time resting spent in this place.
 E = Time spent auto-exploring this place.
 F = Levels seen in this place.
 G = Mean time per level.
                   A        B        C        D        E       F      G
               +--------+--------+--------+--------+--------+-----+--------+
         Total |  36175 |  33858 |   2317 |   1249 |  24923 |  33 | 1096.2 |
       Dungeon |  14594 |  13327 |   1267 |    226 |  10679 |  14 | 1042.4 |
          Lair |   7123 |   6736 |    387 |    182 |   5046 |   6 | 1187.2 |
         Swamp |   3708 |   3534 |    174 |    130 |   2591 |   4 |  927.0 |
   Spider Nest |   5484 |   5194 |    290 |    195 |   3882 |   4 | 1371.0 |
  Orcish Mines |   2661 |   2474 |    187 |      0 |   1697 |   2 | 1330.5 |
        Vaults |    981 |    971 |     10 |      0 |    623 |   1 |  981.0 |
        Bailey |    414 |    414 |      0 |      0 |    223 |   1 |  414.0 |
      Gauntlet |   1207 |   1207 |      0 |    515 |    180 |   1 | 1207.0 |
               +--------+--------+--------+--------+--------+-----+--------+

Top non-repeatable levels by time:
    D:11: 2327 daAuts
   Orc:2: 2043 daAuts
  Lair:6: 1956 daAuts
Spider:4: 1666 daAuts
Spider:2: 1521 daAuts
     D:7: 1485 daAuts
  Lair:4: 1370 daAuts
Spider:1: 1285 daAuts
Gauntlet: 1207 daAuts
     D:2: 1188 daAuts
     D:8: 1171 daAuts
 Swamp:4: 1113 daAuts
 Swamp:1: 1077 daAuts
  Lair:2: 1070 daAuts
    D:14: 1066 daAuts
